 Dungeon Crawl Stone Soup version 0.31-a0-486-g8d68a81214 (webtiles) character file.

Game seed: 16037056761161181838

193 AstroCodex24 the Covered (level 5, -1/41 HPs)
             Began as a Vampire Fighter on Aug 7, 2023.
             Slain by Grinder (2 damage)
             ... on level 5 of the Dungeon.
             The game lasted 00:03:56 (700 turns).

AstroCodex24 the Covered (Vampire Fighter)           Turns: 700, Time: 00:03:56

Health: -1/41      AC:  8    Str: 14 (17) XL:     5   Next: 44%
Magic:  5/5        EV: 10    Int:  8 (11) God:
Gold:   47         SH:  4    Dex: 10 (13) Spells: 4/4 levels left

rFire   . . .        a - +0 war axe
rCold   . . .        c - +0 buckler
rNeg    . . .        l - +3 ring mail
rPois   .            (no helmet)
rElec   .            (no cloak)
rCorr   .            (no gloves)
SInv    +            (no boots)
Will    .....        (no amulet) Stlth
                     f - ring of wizardry
HPRegen 0.46/turn    (no ring)
MPRegen 0.09/turn

%: wizardry (x1)
@: brilliant, healing quickly
A: alive, fangs 3, see invisible, vampiric 2
a: Exsanguinate


You were on level 5 of the Dungeon.
You visited 1 branch of the dungeon, and saw 5 of its levels.

You collected 47 gold pieces.

Inventory:

Hand Weapons
 a - a +0 war axe (weapon)
 h - a +3 rapier
Armour
 b - a +0 scale mail
 c - a +0 buckler (worn)
 l - a +3 ring mail (worn)
 n - a +0 plate armour
Jewellery
 f - a ring of wizardry (left hand)
Scrolls
 i - a scroll of enchant armour {unknown}
 j - a scroll of identify {unknown}
 m - a scroll of torment {unknown}
Potions
 d - a potion of might
 k - a potion of brilliance


   Skills:
 + Level 3.3 Fighting
 + Level 3.4 Axes
 + Level 3.4 Armour
 + Level 0.9 Dodging
 + Level 3.1 Shields


You had 4 spell levels left.
You didn't know any spells.
Your spell library contained the following spells:

 Spells                   Type           Power      Damage    Failure   Level
 Vhi's Electric Charge    Tloc/Air       0%         N/A       77%         3
 Arcjolt                  Conj/Air       0%         1d10      100%        5
 Maxwell's Capacitive Co  Air            0%         ∞         100%        8


Dungeon Overview and Level Annotations

Branches:
Dungeon (5/15)
 Temple: D:4-7

Altars:

Annotations:
D:4 Eustachio
D:5 Grinder


Innate Abilities, Weirdness & Mutations

Your natural rate of healing is accelerated.
You have razor-sharp teeth.
You have supernaturally acute eyesight. (SInv)
You are afflicted with vampirism and can become a bat while bloodless.


Message History

a +0 club; a +0 leather armour It was a potion of brilliance.
You feel clever all of a sudden.
It was a potion of curing.
You feel better. Grinder gestures at you. Pain shoots through your body!
* * * LOW HITPOINT WARNING * * *
It was a potion of degeneration.
There was something very wrong with that liquid.
You feel weakened.
You feel dopey.
You feel clumsy. Grinder barely misses you. Grinder closely misses you.
You hit Grinder. Your bite misses Grinder.
Grinder is lightly wounded.
Grinder gestures at you. Pain shoots through your body!
* * * LOW HITPOINT WARNING * * *
You hit Grinder.
Grinder is moderately wounded.
Grinder gestures at you. You resist with significant effort. Grinder hits you.
* * * LOW HITPOINT WARNING * * *
You writhe in agony.
* * * LOW HITPOINT WARNING * * *
You hit Grinder.
Grinder is moderately wounded.
Grinder closely misses you.
You hit Grinder.
Grinder is moderately wounded.
Grinder closely misses you.
You hit Grinder.
Grinder is heavily wounded.
Grinder gestures at you. You resist with significant effort.
You block Grinder's attack.
You slash Grinder!
Grinder is severely wounded.
Grinder hits you.
* * * LOW HITPOINT WARNING * * *
You writhe in agony.
You die...

#######
#......#
#.../..#
#.)....#
##......#
.##.......#
..5.......##
.....###...#
....# ##5##
.... #@)#
... #### .o


You could see Grinder.

Vanquished Creatures
  A howler monkey (D:5)
  2 hounds (D:3)
  An orc wizard (D:5)
  A gnoll (D:3)
  4 adders
  An ufetubus (D:5)
  A dart slug (D:1)
  7 orcs
  An endoplasm (D:3)
  2 giant cockroaches (D:2)
  A goblin (D:3)
  2 kobolds (D:2)
  2 quokkas
  2 ball pythons
  2 frilled lizards
  3 rats
33 creatures vanquished.

Notes
Turn   | Place    | Note
-------+----------+-------------------------------------------
     0 | D:1      | AstroCodex24 the Vampire Fighter began the quest for the
                  | Orb.
     0 | D:1      | Reached XP level 1. HP: 17/17 MP: 1/1
    79 | D:1      | You fall into a shaft and drop 1 floor!
   119 | D:2      | Reached XP level 2. HP: 17/23 MP: 2/2
   219 | D:4      | Noticed Eustachio
   300 | D:3      | Gained mutation: You are afflicted with vampirism and can
                  | become a bat while bloodless. [Vampire growth]
   300 | D:3      | Reached XP level 3. HP: 17/28 MP: 3/3
   422 | D:3      | Reached XP level 4. HP: 29/35 MP: 4/4
   452 | D:3      | You fall into a shaft and drop 2 floors!
   452 | D:5      | Entered Level 5 of the Dungeon
   552 | D:5      | Reached XP level 5. HP: 29/41 MP: 5/5
   662 | D:5      | Noticed Grinder
   669 | D:5      | Paralysed by Grinder for 3 turns
   686 | D:5      | Paralysed by Grinder for 5 turns
   696 | D:5      | HP: 2/41 [Grinder (1)]
   700 | D:5      | Slain by Grinder

Illustrated notes

Levels and vault maps discovered:
D:1:      heliophobic_arrival_glass_houses, layout_basic, minmay_pentomino_z4
D:2:      kennysheep_six_static_rooms, layout_rooms
D:3:      layout_basic, serial_glass, glass_columns_c, glass_columns_a,
          feat_on_display, item_on_display_a, feat_on_display, feat_on_display,
          cheibrodos_gnoll_hut, uniq_jessica, uniq_ijyb
D:4:      cheibrodos_quashed, layout_loops_ring, minmay_snake_closets,
          uniq_eustachio
D:5:      layout_cave_pods, mainiacjoe_overflow_brackets, uniq_grinder

Skill      XL: |  1  2  3  4 |
---------------+-------------+-----
Axes           | 2 3 |  3.4
Fighting       | 3 |  3.3
Armour         | 3 |  3.4
Shields        | 3 |  3.1
Dodging        | |  0.9

Action                     |  1- 3 |  4- 6 || total
---------------------------+-------+-------++-------
  Melee: War axe           |    68 |    56 ||   124
         Bite              |     5 |     3 ||     8
    Use: Potion            |       |     3 ||     3
 Armour: Scale mail        |    44 |     7 ||    51
         Ring mail         |       |    28 ||    28
  Dodge: Dodged            |    29 |    36 ||    65
  Block: Buckler           |    17 |    21 ||    38

Table legend: (Time is in decaauts)
 A = Elapsed time spent in this place.
 B = Non-inter-level travel time spent in this place.
 C = Inter-level travel time spent in this place.
 D = Time resting spent in this place.
 E = Time spent auto-exploring this place.
 F = Levels seen in this place.
 G = Mean time per level.
                   A        B        C        D        E       F      G
               +--------+--------+--------+--------+--------+-----+--------+
         Total |    749 |    700 |     49 |      0 |      0 |   5 |  149.8 |
       Dungeon |    749 |    700 |     49 |      0 |      0 |   5 |  149.8 |
               +--------+--------+--------+--------+--------+-----+--------+

Top non-repeatable levels by time:
     D:3: 278 daAuts
     D:5: 262 daAuts
     D:2: 123 daAuts
     D:1: 82 daAuts
     D:4: 1 daAuts
